 Dungeon Crawl Stone Soup version 0.29-a0-659-g28b9d68c38 (webtiles) character file.

Game seed: 11958400749491762749

23277 KristoblXynda the Imperceptible (level 12, -1/100 HPs)
             Began as a Spriggan Berserker on June 22, 2022.
             Was an Elder of Trog.
             Hit by a large rock thrown by a cyclops (26 damage)
             ... on level 13 of the Dungeon.
             The game lasted 00:15:47 (16265 turns).

KristoblXynda the Imperceptible (SpBe)             Turns: 16265, Time: 00:15:48

Health: -1/100     AC:  5    Str: 15    XL:     12   Next: 70%
Magic:  0/13       EV: 24    Int: 12    God:    Trog [****..]
Gold:   459        SH:  0    Dex: 14    Spells: 11/11 levels left

rFire   . . .      SeeInvis +   p - +4 short sword (flame)
rCold   + . .      Faith    .   (no shield)
rNeg    . . .      Spirit   +   z - +0 troll leather armour
rPois   .          Reflect  .   y - +1 hat
rElec   .          Harm     .   (no cloak)
rCorr   .          Rampage  .   (gloves unavailable)
Will    +++..                   (boots unavailable)
Stlth   ..........              i - amulet of guardian spirit
HPRegen 1.06/turn               t - ring of protection from cold
MPRegen 0.13/turn               k - ring of willpower

@: berserking, studying 2 skills, very quick
A: very small, no large weapons, unfitting armour, see invisible, speed 3
a: Renounce Religion, Berserk, Trog's Hand, Brothers in Arms


You were on level 13 of the Dungeon.
You worshipped Trog.
Trog was greatly pleased with you.
You visited 2 branches of the dungeon, and saw 14 of its levels.

You collected 779 gold pieces.
You spent 320 gold pieces at shops.

Inventory:

Hand Weapons
 p - a +4 short sword of flaming (weapon)
Missiles
 C - a throwing net (quivered)
Armour
 s - an orb of guile
 y - a +1 hat (worn)
 z - a +0 troll leather armour (worn)
Jewellery
 b - a ring of magical power
 i - an amulet of guardian spirit (around neck)
 k - a ring of willpower (right hand)
 t - a ring of protection from cold (left hand)
 D - a ring of resist corrosion
Wands
 q - a wand of iceblast (5)
 x - a wand of mindburst (12)
Scrolls
 a - 3 scrolls of fog
 c - 4 scrolls of amnesia
 g - 10 scrolls of teleportation
 m - a scroll of enchant armour
 n - a scroll of immolation
 o - a scroll of fear
 A - 2 scrolls of magic mapping
 E - 2 scrolls of summoning
Potions
 d - 4 potions of flight
 e - 5 potions of heal wounds
 f - 4 potions of lignification
 h - a potion of invisibility
 j - 2 potions of mutation
 l - a potion of attraction
 r - 3 potions of haste
 u - 4 potions of curing
 v - 4 potions of brilliance
 w - a potion of might
 B - a potion of berserk rage
 F - a potion of cancellation


   Skills:
 + Level 9.5 Fighting
 + Level 12.3 Short Blades
 + Level 14.5 Dodging
 + Level 22.1 Stealth


You had 11 spell levels left.
You didn't know any spells.
Your spell library contained the following spells:

 Spells                   Type           Power      Damage    Failure   Level
 Necrotize                Necr           0%         1d4       38%         1
 Sandblast                Erth           0%         2d4       38%         1
 Ensorcelled Hibernation  Hex/Ice        0%         N/A       52%         2
 Passwall                 Tmut/Erth      0%         N/A       52%         2
 Gell's Gravitas          Tloc           0%         N/A       77%         3
 Stone Arrow              Conj/Erth      0%         3d7       77%         3
 Swiftness                Air            0%         N/A       77%         3
 Teleport Other           Tloc           0%         N/A       77%         3
 Vampiric Draining        Necr           0%         2d6       77%         3
 Leda's Liquefaction      Hex/Erth       0%         N/A       99%         4
 Agony                    Necr           0%         N/A       100%        5
 Lee's Rapid Deconstruct  Erth           0%         3d5*      100%        5
 Dispersal                Tloc           0%         N/A       100%        6
 Statue Form              Tmut/Erth      0%         N/A       100%        6


Dungeon Overview and Level Annotations

Branches:
Dungeon (13/15)            Temple (1/1) D:4            Lair (0/6) D:10
    Orc (0/2) D:11
 Vaults: D:13-14

Altars:
Ashenzari
Cheibriados
Dithmenos
Elyvilon
Fedhas
Gozag
Hepliaklqana
Kikubaaqudgha
Makhleb
Nemelex Xobeh
Okawaru
Qazlal
Ru
Sif Muna
Trog
Uskayaw
Vehumet
Wu Jian
Xom
Yredelemnul
Zin
The Shining One

Shops:
D:8 **


Innate Abilities, Weirdness & Mutations

You are very small and have problems with some larger weapons.
You are too small for most types of armour.
You have supernaturally acute eyesight. (SInv)
You cover ground extremely quickly. (Speed+++)


Message History

The centaur warrior hits you! The centaur warrior kicks you.
* * * LOW HITPOINT WARNING * * *
A red film seems to cover your vision as you go berserk!
You feel yourself moving faster!
You feel mighty! The centaur warrior misses you.
The centaur warrior barely misses you.
You completely miss the centaur warrior.
The centaur warrior is lightly wounded.
The centaur warrior hits you!
* * * LOW HITPOINT WARNING * * *
The centaur warrior barely misses you.
You closely miss the centaur warrior.
The centaur warrior is lightly wounded.
You barely miss the centaur warrior.
The centaur warrior is lightly wounded.
The centaur warrior barely misses you.
The centaur warrior kicks you but does no damage.
You puncture the centaur warrior! You burn the centaur warrior.
The centaur warrior is heavily wounded.
You closely miss the centaur warrior.
The centaur warrior is heavily wounded.
The centaur warrior closely misses you. The centaur warrior misses you.
You puncture the centaur warrior! You burn the centaur warrior.
The centaur warrior is heavily wounded.
You closely miss the centaur warrior.
The centaur warrior is heavily wounded.
The centaur warrior misses you.
The centaur warrior completely misses you.
You hit the centaur warrior. You burn the centaur warrior.
The centaur warrior is severely wounded.
You hit the centaur warrior. You burn the centaur warrior.
The centaur warrior is almost dead.
The centaur warrior completely misses you.
The centaur warrior kicks you but does no damage.
You hit the centaur warrior. You burn the centaur warrior.
The centaur warrior is almost dead.
You puncture the centaur warrior! You burn the centaur warrior.
You kill the centaur warrior!
Trog accepts your kill.
The cyclops throws a large rock.
The large rock hits you!!
You die...

#.# #.## ### #.# #..#
##..####### #.# ##.#
#.....#...###.######.#
...........#..#.....(#
..........$..........#
....P♣..........≈≈≈..#
.^...P..........≈≈≈..#
.!...C)@.#......≈≈≈..#
...#......>.....≈≈≈..# .
#.......#.....8...#
#......#..........### .
#..........<........# ..
......................
........W................
....###..................
.....#...................


You could see a cyclops and a shadow.

Vanquished Creatures
  Rupert (D:12)
  Gastronok (D:10)
  2 boulder beetles
  2 hydras
  2 centaur warriors
  A tengu warrior (D:13)
  6 two-headed ogres
  An orc knight (D:10)
  2 ugly things
  A deep elf pyromancer (D:10)
  2 cyclopes (D:11)
  A manticore (D:13)
  An elephant (D:10)
  4 trolls
  4 slime creatures
  3 shadows
  4 wyverns
  A yak (shapeshifter) (D:10)
  A wraith (D:10)
  15 yaks
  A steam dragon (D:7)
  An acid dragon (D:9)
  A water moccasin (D:7)
  5 orc warriors
  2 black bears (D:10)
  3 sky beasts
  An ogre (D:6)
  9 centaurs
  A phantom (D:4)
  4 kobold brigands
  4 bullfrogs
  2 gnoll sergeants
  3 necrophages
  2 scorpions
  14 wights
  A water moccasin zombie (D:5)
  A human zombie (D:5)
  A jelly (D:4)
  6 orc priests
  5 hounds
  6 iguanas
  Ijyb (D:5)
  12 orc wizards
  2 hound zombies (D:5)
  7 adders
  13 gnolls
  2 shadow imps (D:5)
  2 white imps (D:6)
  An adder zombie (D:5)
  4 worms
  2 dart slugs
  39 orcs
  6 ball pythons
  4 bats
  6 endoplasms
  5 giant cockroaches
  7 goblins
  5 hobgoblins
  3 jackals (D:2)
  13 kobolds
  7 quokkas
  4 frilled lizards
  6 rats
279 creatures vanquished.

Vanquished Creatures (collateral kills)
  Urug (D:12)
  A wraith (D:10)
2 creatures vanquished.

Vanquished Creatures (others)
  An orc wizard (D:11)
  2 kobolds (D:7)
3 creatures vanquished.

Grand Total: 284 creatures vanquished

Notes
Turn   | Place    | Note
-------+----------+-------------------------------------------
     0 | D:1      | KristoblXynda the Spriggan Berserker began the quest for
                  | the Orb.
     0 | D:1      | Reached XP level 1. HP: 11/11 MP: 2/2
   618 | D:1      | Reached skill level 1 in Stealth
   621 | D:1      | Reached XP level 2. HP: 6/16 MP: 3/3
  1459 | D:2      | Reached XP level 3. HP: 14/19 MP: 4/4
  1710 | D:2      | Reached skill level 2 in Stealth
  2093 | D:2      | Reached ** piety under Trog
  2163 | D:2      | Found a faded altar of an unknown god.
  2198 | D:2      | Reached XP level 4. HP: 23/23 MP: 5/5
  2212 | D:2      | Reached skill level 5 in Dodging
  2212 | D:2      | Reached skill level 3 in Stealth
  2359 | D:2      | Identified a scroll of acquirement
  2359 | D:2      | Acquired a manual of Stealth
  2766 | D:3      | Reached XP level 5. HP: 20/28 MP: 1/6
  2986 | D:3      | Reached skill level 4 in Stealth
  4008 | D:4      | Found a staircase to the Ecumenical Temple.
  4040 | Temple   | Entered the Ecumenical Temple
  4147 | D:4      | Reached skill level 5 in Stealth
  4224 | D:4      | Noticed a phantom
  4232 | D:4      | Killed a phantom
  4233 | D:4      | Reached XP level 6. HP: 32/32 MP: 5/7
  4336 | D:4      | Reached *** piety under Trog
  4626 | D:4      | Reached skill level 6 in Stealth
  4831 | D:4      | Reached skill level 5 in Short Blades
  5170 | D:5      | Entered Level 5 of the Dungeon
  5231 | D:5      | Reached skill level 7 in Stealth
  5239 | D:5      | Reached XP level 7. HP: 8/37 MP: 1/8
  5736 | D:5      | Noticed Ijyb
  5744 | D:5      | Killed Ijyb
  5748 | D:5      | Reached skill level 8 in Stealth
  6293 | D:5      | Found a shimmering altar of Xom.
  6480 | D:5      | Reached skill level 9 in Stealth
  6552 | D:5      | Reached XP level 8. HP: 37/42 MP: 9/9
  6556 | D:5      | Found an ancient bone altar of Kikubaaqudgha.
  6583 | D:5      | Reached skill level 10 in Stealth
  7371 | D:6      | Reached skill level 5 in Fighting
  7376 | D:6      | Reached skill level 11 in Stealth
  7494 | D:6      | Found a shimmering blue altar of Sif Muna.
  7510 | D:6      | Reached **** piety under Trog
  8043 | D:6      | Reached skill level 12 in Stealth
  8230 | D:7      | Reached XP level 9. HP: 45/47 MP: 10/10
  8820 | D:7      | Found an opulent altar of Gozag.
  9199 | D:7      | Reached skill level 13 in Stealth
  9426 | D:8      | Found Pexe's Specific Store.
  9506 | D:8      | Found Cyuso's General Store.
  9516 | D:8      | Bought a potion of haste for 160 gold pieces
  9516 | D:8      | Bought 2 potions of heal wounds for 160 gold pieces
  9644 | D:8      | Reached skill level 14 in Stealth
  9725 | D:8      | Found an iron altar of Okawaru.
  9996 | D:8      | Reached skill level 10 in Dodging
 10089 | D:8      | Found a glowing silver altar of Zin.
 10089 | D:8      | Noticed an angel
 10452 | D:9      | Found a shadowy altar of Dithmenos.
 10479 | D:9      | Reached XP level 10. HP: 47/53 MP: 7/11
 10489 | D:9      | Reached skill level 15 in Stealth
 10510 | D:10     | Entered Level 10 of the Dungeon
 10510 | D:10     | Noticed Gastronok
 10806 | D:10     | Killed Gastronok
 10807 | D:10     | Reached skill level 16 in Stealth
 11708 | D:9      | Noticed a two-headed ogre
 11715 | D:9      | Killed a two-headed ogre
 11716 | D:9      | Reached skill level 17 in Stealth
 11865 | D:9      | Reached skill level 10 in Short Blades
 12053 | D:9      | Found a broken altar of Ashenzari.
 12110 | D:9      | Noticed a two-headed ogre
 12119 | D:9      | Killed a two-headed ogre
 12120 | D:9      | Reached XP level 11. HP: 22/59 MP: 3/12
 12531 | D:9      | Identified the +1 robe of Least Resistance {Drain rN++
                  | Will+ Dex-2}
 12859 | D:10     | Reached skill level 18 in Stealth
 12954 | D:10     | Found a staircase to the Lair.
 13432 | D:10     | Noticed a brown ugly thing
 13435 | D:10     | Noticed a deep elf pyromancer
 13439 | D:10     | Killed a brown ugly thing
 13443 | D:10     | Killed a deep elf pyromancer
 13456 | D:10     | Noticed an orc knight
 13463 | D:10     | Killed an orc knight
 13466 | D:10     | Reached skill level 19 in Stealth
 13541 | D:10     | Noticed a centaur warrior
 13543 | D:10     | Killed a centaur warrior
 13622 | D:10     | Noticed a six-headed hydra
 13625 | D:10     | Killed a six-headed hydra
 13676 | D:10     | Found a burning altar of Makhleb.
 13906 | D:10     | Found a faded altar of an unknown god.
 13906 | D:10     | Found a hazy altar of Hepliaklqana.
 13906 | D:10     | Found a faded altar of an unknown god.
 13908 | D:10     | Found a faded altar of an unknown god.
 13998 | D:11     | Noticed a two-headed ogre
 14007 | D:11     | Killed a two-headed ogre
 14010 | D:11     | Noticed a six-headed hydra
 14049 | D:11     | Killed a six-headed hydra
 14050 | D:11     | Reached skill level 20 in Stealth
 14120 | D:11     | Reached ***** piety under Trog
 14309 | D:11     | Reached XP level 12. HP: 65/65 MP: 13/13
 14476 | D:11     | Noticed a two-headed ogre
 14488 | D:11     | Killed a two-headed ogre
 14654 | D:11     | Found a staircase to the Orcish Mines.
 15250 | D:12     | Noticed Rupert
 15251 | D:12     | Noticed Urug
 15269 | D:12     | Killed Rupert
 15270 | D:12     | Reached skill level 21 in Stealth
 15274 | D:12     | Killed Urug
 15657 | D:12     | Noticed a boulder beetle
 15662 | D:12     | Killed a boulder beetle
 15801 | D:13     | Noticed a boulder beetle
 15813 | D:13     | Noticed a tengu warrior
 15813 | D:13     | Noticed a two-headed ogre
 15813 | D:13     | Noticed a two-headed ogre
 15821 | D:13     | Killed a two-headed ogre
 15824 | D:13     | Killed a tengu warrior
 15834 | D:13     | Killed a two-headed ogre
 15891 | D:13     | Killed a boulder beetle
 15892 | D:13     | Reached skill level 22 in Stealth
 16240 | D:13     | Noticed a centaur warrior
 16265 | D:13     | Killed a centaur warrior
 16265 | D:13     | Hit by a large rock thrown by a cyclops

Illustrated notes

Levels and vault maps discovered:
D:1:      eino_arrival_druids_welcome, layout_loops_ring, minmay_distorted
D:2:      layout_loops_ring, hellmonk_ecumenical_altar_arch_garden,
          wad_floor_pattern_2, grunt_decor_cap, chequers_serial_rivers_marsh
D:3:      layout_basic, chequers_serial_rivers_micro_c, minmay_fountain_box
D:4:      layout_basic, minmay_temple_entry_waves, kennysheep_generic_room_4
D:5:      layout_basic, lemuel_mausoleum_altar_kikubaaqudgha,
          mainiacjoe_overflow_alcove_1, kennysheep_generic_room_2, uniq_ijyb
D:6:      layout_rooms, led_sif_pool, minmay_manual_mail
D:7:      layout_loops_cross, overflow_temple_1_default
D:8:      layout_basic, kennysheep_okawaru_gauntlet, zin_angel, enter_bailey_3,
          nicolae_specific_store
D:9:      layout_stronghold, mainiacjoe_overflow_brackets, ashenzari_altar_1,
          mrwooster_statue_mirror
D:10:     minmay_tri_box, layout_rooms, nicolae_hepliaklqana_ecumenical_no_more,
          mainiacjoe_overflow_chevrons, david_lair_generic, uniq_gastronok
D:11:     layout_long_grid, orc_0_dummy
D:12:     layout_loops_ring, uniq_urug, uniq_rupert
D:13:     layout_cave_pools, grunt_vaults_entry_tiered, serial_park,
          serial_park_avenue1, serial_park_tiny_1, serial_park_tiny_pond,
          serial_park_tiny_1
Temple:   nicolae_temple_hex_pool

Skill      XL: |  1  2  3  4  5  6  7  8  9 10 11 12 |
---------------+-------------------------------------+-----
Stealth        | 1 2 3 5 7 9 12 14 17 20 22 | 22.1
Short Blades   | 4 5 6 7 8 10 11 12 | 12.3
Fighting       | 3 4 5 6 7 8 9 |  9.5
Dodging        | 5 6 7 8 10 11 13 14 | 14.5

Action                   |  1- 3 |  4- 6 |  7- 9 | 10-12 || total
-------------------------+-------+-------+-------+-------++-------
Melee: Short sword       |    38 |       |   204 |   439 ||   681
       Dagger            |    71 |   186 |   227 |       ||   484
       Punch             |       |     3 |     6 |     3 ||    12
Throw: Throwing net      |       |       |       |     1 ||     1
Invok: Berserk           |     3 |     4 |    10 |    13 ||    30
       Brothers in Arms  |       |       |       |     2 ||     2
Evoke: Wand              |       |       |       |     2 ||     2
  Use: Scroll            |       |     6 |    15 |     9 ||    30
 Stab: Sleeping          |     6 |    12 |    20 |    36 ||    74
       Distracted        |       |       |     2 |     2 ||     4
       Held in net/web   |       |       |       |     1 ||     1
Armor: Animal skin       |    10 |     8 |    15 |     4 ||    37
       Troll leather arm |       |       |       |    15 ||    15
Dodge: Dodged            |    87 |   104 |   267 |   227 ||   685

Table legend: (Time is in decaauts)
 A = Elapsed time spent in this place.
 B = Non-inter-level travel time spent in this place.
 C = Inter-level travel time spent in this place.
 D = Time resting spent in this place.
 E = Time spent auto-exploring this place.
 F = Levels seen in this place.
 G = Mean time per level.
                   A        B        C        D        E       F      G
               +--------+--------+--------+--------+--------+-----+--------+
         Total |  13137 |  12949 |    188 |   5334 |   5799 |  14 |  938.4 |
       Dungeon |  13081 |  12904 |    177 |   5334 |   5762 |  13 | 1006.2 |
        Temple |     55 |     44 |     11 |      0 |     36 |   1 |   55.0 |
               +--------+--------+--------+--------+--------+-----+--------+

Top non-repeatable levels by time:
     D:5: 1857 daAuts
    D:10: 1544 daAuts
     D:9: 1445 daAuts
     D:1: 1212 daAuts
     D:3: 1073 daAuts
     D:6: 993 daAuts
     D:2: 942 daAuts
     D:8: 835 daAuts
    D:11: 815 daAuts
     D:4: 814 daAuts
    D:12: 563 daAuts
     D:7: 562 daAuts
    D:13: 420 daAuts
  Temple: 55 daAuts
